 Dungeon Crawl Stone Soup version 0.22-a0-348-gd16d1391c7 (webtiles) character file.

2400 Laan the Cleaver (level 9, -2/51 HPs)
             Began as a Gargoyle Berserker on Apr 11, 2018.
             Was an Elder of Trog.
             Slain by an orc knight
             ... wielding a +0 great sword
              (18 damage)
             ... while paralysed
             ... on level 7 of the Dungeon.
             The game lasted 00:10:19 (5117 turns).

Laan the Cleaver (Gargoyle Berserker)               Turns: 5117, Time: 00:10:20

Health: -2/51      AC: 20    Str: 25    XL:     9   Next: 46%
Magic:  9/9        EV:  2    Int:  7    God:    Trog [****..]
Gold:   239        SH:  0    Dex:  9    Spells: 8/8 levels left

rFire    . . .     SeeInvis .   B - +0 war axe
rCold    . . .     Gourm    .   (no shield)
rNeg     + . .     Faith    .   k - +0 plate armour
rPois    ∞         Spirit   .   w - +0 helmet
rElec    +         Reflect  .   x - +0 cloak
rCorr    .         Harm     .   d - +0 pair of gloves
MR       ++...                  (no boots)
Stlth    ..........             (no amulet)
HPRegen  1.17/turn              (no ring)
MPRegen  0.11/turn              (no ring)

@: paralysed, berserk cooldown, regenerating, slowed
A: negative energy resistance 1, electricity resistance, unbreathing,
petrification resistance, rot immunity, AC +6
a: Berserk, Trog's Hand, Brothers in Arms, Renounce Religion


You were on level 7 of the Dungeon.
You worshipped Trog.
Trog was greatly pleased with you.
You were hungry.

You visited 1 branch of the dungeon, and saw 7 of its levels.

You collected 239 gold pieces.

Inventory:

Hand Weapons
 a - a +1 hand axe
 B - a +0 war axe (weapon)
Missiles
 j - 2 javelins (quivered)
 t - 7 poisoned javelins
Armour
 d - a +0 pair of gloves (worn)
 k - a +0 plate armour (worn)
 w - a +0 helmet (worn)
 x - a +0 cloak (worn)
Wands
 q - a wand of polymorph (12)
Scrolls
 f - a scroll of immolation {unknown}
 g - a scroll of fog
 l - 2 scrolls of enchant weapon
 n - 3 scrolls of remove curse
 o - 4 scrolls of identify
 p - 2 scrolls of blinking {unknown}
 r - 2 scrolls of amnesia {unknown}
 s - 6 scrolls of teleportation
 y - 4 scrolls of enchant armour {unknown}
 C - a scroll of fear {unknown}
Potions
 b - 2 potions of lignification {unknown}
 e - 2 potions of curing {unknown}
 h - 2 potions of degeneration {unknown}
 i - a potion of flight {unknown}
 m - a potion of berserk rage {unknown}
 u - 2 potions of might
 z - a potion of ambrosia {unknown}
 A - a potion of cancellation {unknown}
Comestibles
 c - 7 rations
 v - 4 chunks of flesh


   Skills:
 - Level 3.2 Fighting
 + Level 11.5 Axes
 - Level 2.1 Armour
 - Level 1.5 Dodging


You had 8 spell levels left.
You didn't know any spells.

Dungeon Overview and Level Annotations

Branches:
Dungeon (7/15)             Temple (0/1) D:5

Altars:
Wu Jian

Shops:
D:6 %


Innate Abilities, Weirdness & Mutations

You are resistant to torment.
Your stone body is resilient. (AC +6)
You are immune to poison.
You resist negative energy. (rN+)
You are resistant to electric shocks. (rElec)
You can survive without breathing.
You are immune to petrification.
You are immune to rotting.


Message History

You closely miss the orc warrior. You hit the orc.
You feel the effects of Trog's Hand fading.
The orc knight barely misses you. The orc hits you but does no damage.
The orc warrior hits you with a dire flail of holy wrath!!
* * * LOW HITPOINT WARNING * * *
You barely miss the orc knight.
The orc knight is severely wounded.
You closely miss the orc warrior. You slash the orc!
You kill the orc!
Trog accepts your kill.
You hear the slow hiss of a distant avalanche of sand.
The orc warrior hits you but does no damage.
You closely miss the orc knight.
The orc knight is severely wounded.
You closely miss the orc warrior.
You are no longer berserk.
You pass out from exhaustion.
You feel yourself slow down.
The orc knight hits you with a great sword!!
You die...

############
#8..8#......
+...)o......
+...@)......
#...o#......
#....####### #....#
#....# #....#
###########''''########
.......................
≈≈≈≈≈≈≈≈≈≈≈....≈≈≈≈≈≈≈≈


You could see an orc knight and an orc warrior.

Vanquished Creatures
  Pikel (D:5)
  Eustachio (D:5)
  4 wargs (D:7)
  2 sky beasts
  3 slaves (D:5)
  2 orc warriors (D:7)
  A phantom (D:7)
  A bullfrog (D:6)
  2 crimson imps (D:5)
  3 bullfrog skeletons
  A hound (D:6)
  3 orc priests
  2 orc wizards
  Crazy Yiuf (D:5)
  3 iguanas
  2 worker ants
  8 gnolls
  12 adders
  A shadow imp (D:5)
  An adder zombie (D:5)
  3 oozes
  3 worms
  A dart slug (D:3)
  3 leopard geckos
  32 orcs
  3 giant cockroaches
  8 goblins
  10 hobgoblins
  3 jackals (D:3)
  2 quokkas
  2 ball pythons
  5 bats
  6 frilled lizards
  4 kobolds
  A leopard gecko skeleton (D:5)
  5 rats
145 creatures vanquished.

Vanquished Creatures (others)
  An ogre (D:5)
1 creature vanquished.

Grand Total: 146 creatures vanquished

Notes
Turn   | Place    | Note
-------+----------+-------------------------------------------
     0 | D:1      | Laan the Gargoyle Berserker began the quest for the Orb.
     0 | D:1      | Reached XP level 1. HP: 14/14 MP: 1/1
    70 | D:1      | Reached skill level 3 in Axes
    85 | D:1      | Reached XP level 2. HP: 18/19 MP: 2/2
   634 | D:2      | Reached XP level 3. HP: 16/23 MP: 3/3
   780 | D:2      | Reached ** piety under Trog
   789 | D:2      | Reached skill level 4 in Axes
  1111 | D:2      | Reached XP level 4. HP: 27/28 MP: 4/4
  1591 | D:3      | Reached skill level 5 in Axes
  1595 | D:3      | Reached XP level 5. HP: 28/32 MP: 5/5
  2272 | D:4      | Reached XP level 6. HP: 37/37 MP: 6/6
  2360 | D:4      | Reached skill level 6 in Axes
  2476 | D:4      | Reached *** piety under Trog
  2594 | D:4      | Got a jade-encrusted leather armour
  3259 | D:4      | Identified the +1 leather armour of New Discoveries {rPois} (You found it on level 4 of the Dungeon)
  3277 | D:5      | Entered Level 5 of the Dungeon
  3277 | D:5      | Noticed Eustachio
  3297 | D:5      | Killed Eustachio
  3297 | D:5      | Reached skill level 7 in Axes
  3297 | D:5      | Reached XP level 7. HP: 41/41 MP: 7/7
  3544 | D:5      | Reached skill level 8 in Axes
  3913 | D:5      | Noticed Pikel
  3985 | D:5      | Killed Pikel
  3985 | D:5      | Reached skill level 9 in Axes
  3985 | D:5      | Reached XP level 8. HP: 42/46 MP: 8/8
  3986 | D:5      | Found a staircase to the Ecumenical Temple.
  4162 | D:5      | Found a runed door.
  4256 | D:5      | Noticed Crazy Yiuf
  4263 | D:5      | Killed Crazy Yiuf
  4376 | D:6      | Reached skill level 10 in Axes
  4492 | D:6      | Found an ornate altar of the Wu Jian Council.
  4527 | D:6      | Found Ungeelei's Food Shop.
  4649 | D:6      | Reached **** piety under Trog
  4948 | D:7      | Reached XP level 9. HP: 49/51 MP: 9/9
  4962 | D:7      | Reached skill level 11 in Axes
  5100 | D:7      | Noticed an orc knight
  5117 | D:7      | Slain by an orc knight

Vault maps used:
D:1:      zaba_arrival_water
D:2:      minmay_misc_feat_roman, minmay_misc_feat_columns
D:3:      small_statue_alley_b
D:4:      bh_chokoban
D:5:      temple_fountains, first_ration, uniq_pikel, uniq_eustachio,
          uniq_crazy_yiuf_cottage
D:6:      kennysheep_mini, serial_shops, nicolae_shop_statue_plus,
          grunt_ministairs_1
D:7:      lemuel_castle_with_subvaults, enter_ossuary_1, serial_shops,
          kennysheep_little_box

Skill      XL: |  1  2  3  4  5  6  7  8  9 |
---------------+----------------------------+-----
Axes           | 3 4 5 7 9 10 11 | 11.5
Fighting       | |  3.2
Armour         | |  2.1
Dodging        | |  1.5

Action                   |  1- 3 |  4- 6 |  7- 9 || total
-------------------------+-------+-------+-------++-------
Melee: Hand axe          |   142 |   254 |   151 ||   547
       War axe           |       |       |   160 ||   160
Throw: Javelin           |       |     1 |     1 ||     2
Invok: Berserk           |       |     3 |     4 ||     7
       Trog's Hand       |       |       |     1 ||     1
  Use: Scroll            |       |     5 |       ||     5
 Stab: Invisible         |       |       |     1 ||     1
  Eat: Chunk             |     1 |     9 |     7 ||    17
       Ration            |       |       |     1 ||     1
Armor: Animal skin       |    15 |       |       ||    15
       Plate armour      |    64 |   190 |   277 ||   531
Dodge: Dodged            |    74 |    82 |    92 ||   248

Table legend:
 A = Spawn XP
 B = Non-spawn XP
 C = Spawn XP percentage of total XP
 D = Spawn monster count
 E = Non-spawn monster count
 F = Spawn count percentage of total count
 G = Total turns spent on level
                    A         B        C        D         E        F      G
               +---------+---------+-------+---------+---------+-------+---------
         Total |       0 |    3429 |   0.0 |       0 |     142 |   0.0 |  5117
               +---------+---------+-------+---------+---------+-------+---------
           D:1 |       0 |      32 |   0.0 |       0 |      20 |   0.0 |   617
           D:2 |       0 |      53 |   0.0 |       0 |      16 |   0.0 |   865
           D:3 |       0 |     230 |   0.0 |       0 |      33 |   0.0 |   776
           D:4 |       0 |     231 |   0.0 |       0 |      20 |   0.0 |  1182
           D:5 |       0 |    1365 |   0.0 |       0 |      27 |   0.0 |   856
           D:6 |       0 |     438 |   0.0 |       0 |      13 |   0.0 |   613
           D:7 |       0 |    1080 |   0.0 |       0 |      13 |   0.0 |   208
               +---------+---------+-------+---------+---------+-------+---------
